 Dungeon Crawl Stone Soup version 0.20.1-1-g8b1a95d (webtiles) character file.

374 vatarom the Agent of Entropy (level 6, -3/48 HPs)
             Began as a Demonspawn Abyssal Knight on Sept 26, 2017.
             Was a Priest of Lugonu.
             Killed by divine providence
             ... invoked by an orc priest
              (13 damage)
             ... on level 4 of the Dungeon.
             The game lasted 00:07:15 (4042 turns).

vatarom the Agent of Entropy (DsAK)                 Turns: 4042, Time: 00:07:16

Health: -3/48      AC: 10    Str: 13    XL:     6   Next: 43%
Magic:  9/9        EV: 11    Int: 13    God:    Lugonu [***...]
Gold:   147        SH:  5    Dex: 14    Spells: 5/5 levels left

rFire    . . .     SeeInvis .   a - +2 falchion
rCold    . . .     Gourm    .   g - +0 buckler
rNeg     . . .     Faith    .   b - +0 leather armour
rPois    +         Spirit   .   n - +0 hat
rElec    .         Reflect  .   (no cloak)
rCorr    .         Harm     .   j - +0 pair of gloves
MR       .....                  (no boots)
Stlth    ++++......             (no amulet)
Regen    0.2/turn               e - ring of poison resistance
MPRegen  0.2/turn               (no ring)

@: sanguine armour
A: horns 1, nightstalker 3, sanguine armour 1
a: Depart the Abyss, Bend Space, Banish, Renounce Religion


You were on level 4 of the Dungeon.
You worshipped Lugonu.
Lugonu was most pleased with you.
You were not hungry.

You visited 1 branch of the dungeon, and saw 4 of its levels.
You visited the Abyss 1 time.

You collected 147 gold pieces.

Inventory:

Hand Weapons
 a - a +2 falchion (weapon)
Armour
 b - a +0 leather armour (worn)
 g - a +0 buckler (worn)
 j - a +0 pair of gloves (worn)
 n - a +0 hat (worn)
Jewellery
 e - a ring of poison resistance (left hand)
Wands
 m - a wand of lightning (8/15)
Scrolls
 f - 4 scrolls of identify
 h - 2 scrolls of magic mapping
 o - a scroll of enchant weapon
 q - a scroll of recharging
Potions
 i - 3 potions of curing
Comestibles
 c - 3 bread rations
 d - 3 fruits
 k - a meat ration
 l - a royal jelly


   Skills:
 + Level 4.0 Fighting
 + Level 3.3 Long Blades
 - Level 1.7 Armour
 - Level 1.2 Dodging
 * Level 3.3 Shields
 + Level 4.6 Invocations


You had 5 spell levels left.
You didn't know any spells.

Dungeon Overview and Level Annotations

Branches:
Dungeon (4/15)
 Temple: D:4-7

Altars:
Fedhas
Xom


Innate Abilities, Weirdness & Mutations

You have a pair of small horns on your head.
You are completely attuned to the shadows.
When seriously injured, your bleeding wounds create armour. (AC +6)


Message History

Found a bread ration.
You hit the orc priest.
The orc priest is moderately wounded.
The orc priest mumbles some strange prayers to Beogh against you.
You barely resist. You hit the orc priest.
The orc priest is moderately wounded.
The orc priest invokes the aid of Beogh against you.
Beogh smites you!
Your blood congeals into armour.
You hear an angry hiss.
You are too injured to fight recklessly!
You hit the orc priest but do no damage.
Your headbutt misses the orc priest.
The orc priest is moderately wounded.
The orc priest mumbles some strange prayers to Beogh against you.
Beogh smites you!
* * * LOW HITPOINT WARNING * * *
The orc priest invokes the aid of Beogh against you.
Beogh smites you!
You die...

......### #.######.#
#.....#####...>.....
#...(...........#####.#
....#...#####...# #..
.[..#(..#####...# #..
..............).#######
......o######>.........
....##o# ##..#######
#### #@# ###..# # #.#
#....# # ..# #.#.## #
...# #.#.# # #..%.
#.#.# ###### ##.#.#
....^. #≈≈.≈≈#.
####..<.##.#####
#....... .............
#...... ###...#####.


You could see 2 orc priests.

Vanquished Creatures
  A phantom (D:4)
  3 orc wizards
  An orc priest (D:3)
  A hound skeleton (D:4)
  7 adders
  3 oozes
  2 worms (D:3)
  2 leopard geckos
  9 orcs
  A giant cockroach (D:1)
  6 goblins
  9 hobgoblins
  5 jackals (D:1)
  2 quokkas
  7 bats
  6 frilled lizards
  7 kobolds
  6 rats
78 creatures vanquished.

Notes
Turn   | Place    | Note
-------+----------+-------------------------------------------
     0 | Abyss:1  | vatarom the Demonspawn Abyssal Knight began the quest for the Orb.
     0 | Abyss:1  | Reached XP level 1. HP: 18/18 MP: 2/2
    31 | D:1      | Escaped the Abyss
    78 | D:1      | Reached skill level 1 in Dodging
   264 | D:1      | Gained mutation: You have a pair of small horns on your head. [demonic ancestry]
   264 | D:1      | Reached XP level 2. HP: 16/24 MP: 4/4
   575 | D:1      | Reached ** piety under Lugonu
   696 | D:1      | Gained mutation: You are slightly more attuned to the shadows. [demonic ancestry]
   696 | D:1      | Reached XP level 3. HP: 23/29 MP: 5/5
  1074 | D:2      | Found a shimmering altar of Xom.
  1075 | D:2      | Found a shimmering altar of Xom.
  1075 | D:2      | Found a shimmering altar of Xom.
  1076 | D:2      | Found a shimmering altar of Xom.
  1076 | D:2      | Found a shimmering altar of Xom.
  1085 | D:2      | You fall through a shaft for 2 floors!
  1181 | D:3      | Reached skill level 1 in Shields
  1181 | D:3      | Gained mutation: When seriously injured, your bleeding wounds create armour. (AC +6) [demonic ancestry]
  1181 | D:3      | Reached XP level 4. HP: 11/35 MP: 6/6
  1428 | D:2      | Found a blossoming altar of Fedhas.
  2478 | D:3      | Reached *** piety under Lugonu
  2514 | D:3      | Gained mutation: You are significantly more attuned to the shadows. [demonic ancestry]
  2514 | D:3      | Reached XP level 5. HP: 25/42 MP: 6/8
  3571 | D:4      | Noticed a phantom
  3594 | D:4      | Killed a phantom
  3594 | D:4      | Gained mutation: You are completely attuned to the shadows. [demonic ancestry]
  3594 | D:4      | Reached XP level 6. HP: 29/48 MP: 9/9
  4042 | D:4      | Killed from afar by an orc priest

Skill      XL: |  1  2  3  4  5  6 |
---------------+-------------------+-----
Dodging        | 1 |  1.2
Long Blades    | 2 3 |  3.3
Invocations    | 3 4 |  4.6
Shields        | 1 2 3 |  3.3
Fighting       | 4 |  4.0
Armour         | |  1.7

Action                   |  1- 3 |  4- 6 || total
-------------------------+-------+-------++-------
Melee: Falchion          |    78 |   155 ||   233
       Headbutt          |     6 |    21 ||    27
  Use: Scroll            |     5 |     7 ||    12
       Potion            |       |     3 ||     3
 Stab: Sleeping          |     1 |    12 ||    13
  Eat: Chunk             |     1 |     9 ||    10
Armor: Leather armour    |    25 |    34 ||    59
Dodge: Dodged            |    56 |    56 ||   112
Block: Buckler           |       |    29 ||    29
       Rpst.: Falchion   |    18 |    23 ||    41
